 Dungeon Crawl Stone Soup version 0.24-a0-378-g94936e5 (webtiles) character file.

Game seed: 14219236084392782471

417 Deathlysoul the Skirmisher (level 6, -6/56 HPs)
             Began as a Minotaur Fighter on June 1, 2019.
             Killed from afar by an orc wizard (8 damage)
             ... with a puff of flame
             ... on level 4 of the Dungeon.
             The game lasted 00:06:48 (4331 turns).

Deathlysoul the Skirmisher (Minotaur Fighter)       Turns: 4331, Time: 00:06:48

Health: -6/56      AC:  8    Str: 22    XL:     6   Next: 61%
Magic:  5/5        EV:  7    Int:  5    God:
Gold:   268        SH:  9    Dex: 10    Spells: 5/5 levels left

rFire    . . .     SeeInvis .   a - +1 flail
rCold    . . .     Gourm    .   c - +0 shield
rNeg     + . .     Faith    .   b - +1 scale mail
rPois    .         Spirit   .   (helmet restricted)
rElec    .         Reflect  .   (no cloak)
rCorr    .         Harm     .   (no gloves)
MR       .....                  (no boots)
Stlth    ..........             (no amulet)
HPRegen  0.18/turn              v - ring of positive energy
MPRegen  0.09/turn              (no ring)

@: lethally poisoned (-6 -> -7), heavily drained
A: retaliatory headbutt, horns 2
a: no special abilities


You were on level 4 of the Dungeon.
You were not hungry.

You visited 1 branch of the dungeon, and saw 4 of its levels.
You also visited: Sewer.

You collected 268 gold pieces.

Inventory:

Hand Weapons
 a - a +1 flail (weapon)
 u - a +0 rapier of electrocution
Armour
 b - a +1 scale mail (worn)
 c - a +0 shield (worn)
Jewellery
 v - a ring of positive energy (left hand)
Scrolls
 h - 2 scrolls of identify
 j - a scroll of magic mapping {unknown}
 m - a scroll of amnesia
 p - 2 scrolls of blinking {unknown}
 r - a scroll of remove curse
 t - a scroll of fear {unknown}
Potions
 d - 3 potions of might
 e - a potion of haste {unknown}
 g - 5 potions of brilliance
 k - 3 potions of agility {unknown}
 l - a potion of lignification {unknown}
 o - a potion of degeneration {unknown}
 q - 2 potions of magic
 s - a potion of heal wounds {unknown}
Comestibles
 f - 4 rations
 i - 3 chunks of flesh


   Skills:
 * Level 5.5(3.9) Fighting
 * Level 4.8(3.2) Maces & Flails
 * Level 5.4(3.9) Armour
 * Level 5.4(3.8) Shields


You had 5 spell levels left.
You didn't know any spells.
Your spell library contained the following spells:

 Spells                   Type           Power        Failure   Level  Hunger
 Beastly Appendage        Tmut           #.....       99%         1    ##.....
 Sticks to Snakes         Tmut           #.......     100%        2    ###....
 Spider Form              Tmut/Pois      #.........   100%        3    ####...
 Ice Form                 Ice/Tmut       #.......     100%        4    #####..
 Blade Hands              Tmut           #.........   100%        5    ######.


Dungeon Overview and Level Annotations

Branches:
Dungeon (4/15)
 Temple: D:4-7

Altars:
Dithmenos
Fedhas
Nemelex Xobeh
Vehumet

Annotations:
D:4 1 runed translucent door, bowens22's ghost, amateur KoAM


Innate Abilities, Weirdness & Mutations

You reflexively headbutt those who attack you in melee.
You have a pair of horns on your head.


Message History

* * * LOW HITPOINT WARNING * * *
You feel sick.
An orc comes into view. It is wielding a +0 hand axe.
The orc wizard casts a spell.
The orc wizard flickers and vanishes!
Deactivating autopickup; reactivate with Ctrl-A.
It was a potion of magic.
Magic courses through your body.
Unknown command.
Unknown command.
You miss something.
* * * LOW HITPOINT WARNING * * *
You feel sick.
You hear some strange, mumbled words.
A puff of flame appears from out of thin air!
The puff of flame misses you.
You barely miss something.
You hear some strange, mumbled words.
A puff of flame appears from out of thin air!
The puff of flame hits you!
You die...

###### #######....# ## .
#.....@....# ##.## ..
##..#..{#...# ....##..
#.. ##.###..# ##.......
#...#...#...####........
#....._..)..............
#...#...#).......)......
#..###.###.............#
#.. #(..#.....#........#
#. ...........#........#


There were no monsters in sight!

Vanquished Creatures
  A bullfrog (D:3)
  2 orc wizards
  2 orc priests (D:3)
  An iguana (D:3)
  A worker ant (D:3)
  A howler monkey skeleton (D:4)
  3 adders
  3 oozes
  4 worms
  11 dart slugs
  3 leopard geckos (D:3)
  9 orcs
  4 ball pythons
  8 giant cockroaches
  6 goblins
  10 hobgoblins
  8 jackals
  8 kobolds
  A quokka (D:2)
  4 bats
  8 frilled lizards
  6 rats
104 creatures vanquished.

Notes
Turn   | Place    | Note
-------+----------+-------------------------------------------
     0 | D:1      | Deathlysoul the Minotaur Fighter began the quest for the
                  | Orb.
     0 | D:1      | Reached XP level 1. HP: 19/19 MP: 0/0
   111 | D:1      | Reached XP level 2. HP: 16/27 MP: 1/1
   652 | D:2      | Reached XP level 3. HP: 33/33 MP: 2/2
   791 | D:2      | Found a blossoming altar of Fedhas.
   827 | D:2      | Found a shadowy altar of Dithmenos.
  1590 | D:3      | Noticed a bullfrog
  1593 | D:3      | Reached XP level 4. HP: 36/41 MP: 3/3
  1595 | D:3      | Killed a bullfrog
  1619 | D:3      | Reached XP level 5. HP: 46/47 MP: 4/4
  1795 | D:3      | Found a sparkling altar of Nemelex Xobeh.
  1802 | D:3      | Found a glowing drain.
  1941 | Sewer    | Entered a sewer
  2306 | Sewer    | Reached skill level 5 in Fighting
  2653 | D:3      | Reached skill level 5 in Armour
  2653 | D:3      | Reached skill level 5 in Shields
  2828 | D:3      | Reached XP level 6. HP: 56/56 MP: 5/5
  4249 | D:4      | Found a runed translucent door.
  4249 | D:4      | Noticed bowens22's ghost (amateur KoAM)
  4273 | D:4      | Found a radiant altar of Vehumet.
  4328 | D:4      | HP: 2/56 [poisoned by an orc wizard]
  4331 | D:4      | Killed from afar by an orc wizard

Levels and vault maps discovered:
D:1:      matt_arrival_los_fun, layout_rooms
D:2:      layout_loops_ring, lemuel_coloured_pillars_altar, fedhas_altar_1
D:3:      kennysheep_slugbush, layout_loops_ring,
          nemelex_xobeh_ov_fountains_minmay, cheibrodos_sewer_entry_bend,
          minmay_starry_boxes
D:4:      minmay_general_purpose_star, layout_cave_pools, vehumet_crystals,
          serial_shops, shop, hellmonk_ghost_happy_afterlife

Skill      XL: |  1  2  3  4  5 |
---------------+----------------+-----
Fighting       | 4 5 |  5.5
Armour         | 4 5 |  5.4
Shields        | 4 5 |  5.4
Maces & Flails | 3 4 |  4.8

Action                   |  1- 3 |  4- 6 || total
-------------------------+-------+-------++-------
Melee: Flail             |   111 |   152 ||   263
       Headbutt          |    12 |    21 ||    33
  Use: Scroll            |     7 |       ||     7
       Potion            |       |     1 ||     1
  Eat: Chunk             |     2 |     6 ||     8
       Ration            |       |     1 ||     1
Armor: Scale mail        |    59 |    62 ||   121
Dodge: Dodged            |    37 |    30 ||    67
Block: Shield            |    62 |    73 ||   135

Table legend:
 A = Non-vault XP
 B = Vault XP
 C = Vault XP percentage of total XP
 D = Non-vault monster count
 E = Vault monster count
 F = Vault count percentage of total count
                 A         B        C        D         E       F
            +---------+---------+-------+---------+---------+-------
      Total |     480 |     116 |  19.5 |      68 |      36 |  34.6
            +---------+---------+-------+---------+---------+-------
        D:1 |      30 |       0 |   0.0 |      14 |       0 |   0.0
        D:2 |      43 |       0 |   0.0 |      21 |       0 |   0.0
        D:3 |     348 |      67 |  16.1 |      28 |      19 |  40.4
        D:4 |      59 |       0 |   0.0 |       5 |       0 |   0.0
      Sewer |       0 |      49 | 100.0 |       0 |      17 | 100.0
            +---------+---------+-------+---------+---------+-------
